[Event "*** Titled Tuesday Blitz"]
[Site "Chess.com"]
[Date "2020.05.05"]
[Round "4"]
[White "lucasmito"]
[Black "BIG_Pirate"]
[Result "1-0"]
[WhiteElo "2425"]
[BlackElo "2299"]
[TimeControl "180+1"]
[EndTime "10:40:58 PDT"]
[Termination "lucasmito won on time"]

1. e4 d5 2. exd5 Qxd5 3. Nc3 Qa5 4. d4 Nf6 5. Nf3 Bg4 6. h3 Bh5 7. g4 Bg6 8. Ne5 e6 9. Bg2 c6 10. O-O Nbd7 11. Qe2 Nxe5 12. dxe5 Nd7 13. f4 h5 14. f5 Bh7 15. Bf4 O-O-O 16. fxe6 fxe6 17. Ne4 hxg4 18. hxg4 Nxe5 19. Rae1 Bxe4 20. Qxe4 Bc5+ 21. Be3 Nd7 22.
a3 Bxe3+ 23. Qxe3 Qc7 24. Qf4 Qxf4 25. Rxf4 Rhf8 26. Rfe4 e5 27. g5 Rf4 28. Rxf4 exf4 29. Re7 Nc5 30. Rxg7 Rd1+ 31. Kf2 Rd2+ 32. Kf3 Rxc2 33.
g6 Nd3 34. Bh3+ Kb8 35. Rg8+ Kc7 36. Rc8+ Kb6 37. g7 Rf2+ 38. Ke4 Nc5+ 39. Kf5 f3 40. g8=Q Rh2 41. b4 1-0

[Event "*** Titled Tuesday Blitz"]
[Site "Chess.com"]
[Date "2020.05.05"]
[Round "4"]
[White "mishikomchedlishvili"]
[Black "KaterynaLagno"]
[Result "1-0"]
[WhiteElo "2846"]
[BlackElo "2627"]
[TimeControl "180+1"]
[EndTime "10:40:59 PDT"]
[Termination "mishikomchedlishvili won by resignation"]

1. d4 Nf6 2. Bg5 d5 3. Bxf6 gxf6 4. e3 c5 5. dxc5 Nc6 6. Nf3 e6 7. Be2 Qa5+ 8. Nbd2 Qxc5 9. O-O Bg7 10. e4 dxe4 11. Nxe4 Qe7 12. Nd6+ Kf8 13. c4 f5 14. Qd2 h5 15. c5 h4 16. Rfe1 Qf6 17. Rab1 Bh6 18.
Qc2 Rg8 19. Qc4 Rg4 20. Qb3 h3 21. g3 f4 22. Nxc8 Rxc8 23. Qxb7 Ne7 24. Ne5 Qxe5 25.
Bxg4 Qxc5 26. Bxh3 fxg3 27. hxg3 Nd5 28. Rbd1 Rd8 29.
Bg2 Kg7 30. Bxd5 exd5 31. Qe7 Rd6 32. Qe5+ Rf6 33. Re2 Kg6 34. Qxd5 Qc7 35. Kg2 Bg5 36.
Rd4 Qc1 37. Qe4+ Kg7 38. Rd5 Re6 39. Qf3 Rf6 40. Qg4 Kh6 41. Rf5 Rg6 42. Rxf7 Qc6+ 43. Qf3 Qc4 44. Re1 1-0

[Event "*** Titled Tuesday Blitz"]
[Site "Chess.com"]
[Date "2020.05.05"]
[Round "4"]
[White "GM_Levan_Pantsulaia"]
[Black "Zhani-Z"]
[Result "1-0"]
[WhiteElo "2767"]
[BlackElo "2520"]
[TimeControl "180+1"]
[EndTime "10:40:59 PDT"]
[Termination "GM_Levan_Pantsulaia won on time"]

1. Nf3 Nf6 2. g3 d5 3. Bg2 c6 4.
c4 dxc4 5. O-O g6 6. Na3 Bg7 7.
Nxc4 O-O 8. Qc2 Nbd7 9. b3 Nb6 10.
Bb2 Be6 11. d3 Qc8 12. Na5 Nbd5 13. a3 Rd8 14. b4 Nb6 15. Rfc1 Bh6 16. Re1 Qd7 17.
Ne5 Qc7 18. d4 Ng4 19. Nxg4 Bxg4 20. e4 Rac8 21. h3 Be6 22. f4 f5 23. Rac1 fxe4 24.
Qxe4 Bd5 25. Qxe7 Bxg2 26. Qxc7 Rxc7 27. Kxg2 Bg7 28. b5 Bxd4 29. Bxd4 Rxd4 30. bxc6 bxc6 31. Nxc6 Rd2+ 32. Kf3 Kg7 33. Ne5 Rxc1 34. Rxc1 Nd5 35. Rc5 Nf6 36. Rc7+ Kg8 37. Rf7 Nd5 38. Rxa7 Ra2 39.
h4 1-0

[Event "*** Titled Tuesday Blitz"]
[Site "Chess.com"]
[Date "2020.05.05"]
[Round "4"]
[White "Nastya_Rakhmangulova"]
[Black "JozefKneht"]
[Result "0-1"]
[WhiteElo "2292"]
[BlackElo "2471"]
[TimeControl "180+1"]
[EndTime "10:40:59 PDT"]
[Termination "JozefKneht won by checkmate"]

1. e4 e5 2. Nf3 Nc6 3. c3 Nf6 4.
d4 exd4 5. e5 Nd5 6. cxd4 Bb4+ 7. Bd2 Bxd2+ 8. Qxd2 d6 9. Nc3 Nxc3 10. Qxc3 O-O 11.
Bb5 Bg4 12. Bxc6 bxc6 13. O-O Rb8 14. b3 Qd7 15. Rac1 Rb6 16. h3 Bh5 17. Nd2 f6 18. Nc4 Rb5 19. a4 Rbb8 20. exd6 cxd6 21. Na5 Bf7 22. Nxc6 Rxb3 23. Qa5 Ra8 24. Rfe1 Qb7 25. Re7 Qb6 26. Qf5 a5 27. Qd7 Rb1 28. Rxf7 Rxc1+ 29. Kh2 Kh8 30. Qe7 Rg8 31. Rf8 Qxc6 32. Qd8 Qd5 33. h4 Rxf8 34. Qxf8+ Qg8 35. Qxd6 Rc8 36. Qa6 h6 37. Qxa5 Rd8 38. Qc5 Qd5 39. a5 Qxd4 40. Qc7 Qxh4+ 41. Kg1 Rd1# 0-1

[Event "*** Titled Tuesday Blitz"]
[Site "Chess.com"]
[Date "2020.05.05"]
[Round "4"]
[White "Paladin61"]
[Black "Pomegranate988"]
[Result "1-0"]
[WhiteElo "2658"]
[BlackElo "2469"]
[TimeControl "180+1"]
[EndTime "10:41:00 PDT"]
[Termination "Paladin61 won by resignation"]

1. d4 Nf6 2. c4 g6 3. g3 c5 4. d5 Bg7 5. Nc3 d6 6. Bg2 O-O 7. Nf3 e6 8. O-O exd5 9. cxd5 Re8 10. Bf4 Bf5 11. Nh4 Bg4 12. Re1 Nh5 13. Bd2 Qd7 14. Qb3 Na6 15. Nf3 Rab8 16. Nb5 Nb4 17. a4 a5 18. Bc3 Re7 19. e4 Rbe8 20. Nd2 Bh3 21.
Bxh3 Qxh3 22. Bxg7 Kxg7 23. Nxd6 Rd8 24. N6c4 Nf6 25.
Nxa5 Rde8 26. Qc3 Nxd5 27. Qf3 Ng4 28. Nf1 Re6 29. Qg2 Qxg2+ 30. Kxg2 Rxe4 31. Rxe4 Rxe4 32. Nxb7 Re2 33. Nxc5 Rxf2+ 34. Kg1 Rxb2 35. a5 Ne5 36. a6 Nf3+ 37. Kh1 Ne3 38. Nd3 Rc2 39. Ne1 Nxe1 40. Nxe3 Re2 41. a7 Nf3 42. Nf1 Re8 43. a8=Q 1-0

[Event "*** Titled Tuesday Blitz"]
[Site "Chess.com"]
[Date "2020.05.05"]
[Round "4"]
[White "Alopekos"]
[Black "IsikCan"]
[Result "1-0"]
[WhiteElo "2444"]
[BlackElo "2618"]
[TimeControl "180+1"]
[EndTime "10:41:00 PDT"]
[Termination "Alopekos won by checkmate"]

1. e4 c6 2. d4 d5 3. Nd2 dxe4 4. Nxe4 Bf5 5. Ng3 Bg6 6. h4 h6 7. Nf3 Nd7 8. h5 Bh7 9. Bd3 Bxd3 10. Qxd3 e6 11. Bd2 Ngf6 12. O-O-O Be7 13. Kb1 O-O 14. Qe2 c5 15. d5 Nxd5 16. Ne4 N7f6 17. c4 Nxe4 18.
Qxe4 Nf6 19. Qe2 Qc7 20. Ne5 Rad8 21. f4 Rd4 22. Be3 Rxd1+ 23. Rxd1 Rd8 24. g4 Rxd1+ 25. Qxd1 Bd6 26. Nd3 e5 27. g5 exf4 28. gxf6 fxe3 29. Qg1 Bf8 30. fxg7 Bxg7 31. Qxe3 Qd7 32. a3 b6 33. Qe2 Qe6 34. Qc2 Qf5 35. Ka2 Qxh5 36. Qd2 Qf5 37. Nf4 Bd4 38. Nd5 h5 39. Ne7+ Kf8 40.
Nxf5 Bf6 41. Qh6+ Ke8 42. Qxf6 Kd7 43. Qe7+ Kc8 44. Qxf7 Kb8 45. Nd6 Ka8 46. Qb7# 1-0

[Event "*** Titled Tuesday Blitz"]
[Site "Chess.com"]
[Date "2020.05.05"]
[Round "4"]
[White "Salem-AR"]
[Black "ljuks68"]
[Result "1-0"]
[WhiteElo "2974"]
[BlackElo "2362"]
[TimeControl "180+1"]
[EndTime "10:41:00 PDT"]
[Termination "Salem-AR won on time"]

1. d4 d5 2. c4 c6 3. Nf3 Nf6 4. Nc3 dxc4 5. e4 b5 6. Be2 e6 7. O-O Be7 8. a4 b4 9. e5 bxc3 10. exf6 Bxf6 11. bxc3 O-O 12. Bxc4 c5 13. d5 e5 14. Re1 Nd7 15. a5 Rb8 16. Bd3 e4 17. Rxe4 Bxc3 18. Rh4 g6 19. Bg5 Bf6 20. Bxf6 Nxf6 21. Bc4 Bg4 22. h3 Bxf3 23. Qxf3 Nxd5 24. Re4 Nf6 25. Rd1 Qxd1+ 26. Qxd1 Nxe4 27. Qd5 Nf6 28.
Qd6 Kg7 29. Qc7 Ne4 30. Qxa7 Nd2 31. Qxc5 Nxc4 32. Qxc4 Kg8 33. h4 h5 34. g4 hxg4 35.
Qxg4 Rb5 36. Qa4 Rb1+ 37. Kg2 Ra8 38. h5 gxh5 39. Qe4 1-0

[Event "*** Titled Tuesday Blitz"]
[Site "Chess.com"]
[Date "2020.05.05"]
[Round "4"]
[White "chesslh19"]
[Black "dopolian"]
[Result "0-1"]
[WhiteElo "2156"]
[BlackElo "2406"]
[TimeControl "180+1"]
[EndTime "10:41:00 PDT"]
[Termination "dopolian won by resignation"]

1. e4 e5 2. Nf3 Nc6 3. Bb5 a6 4. Ba4 Nf6 5. O-O Nxe4 6. d4 b5 7. Bb3 d5 8. dxe5 Be6 9. Nbd2 Be7 10. c3 O-O 11. Bc2 f5 12. Nb3 Qd7 13. Nbd4 Nxd4 14. Nxd4 c5 15. Nxe6 Qxe6 16. f3 Ng5 17. f4 Ne4 18.
Be3 Rfd8 19. Kh1 Kh8 20. a4 d4 21. cxd4 cxd4 22. Bg1 Bc5 23. Qd3 Qc4 24. b3 Qc3 25. axb5 axb5 26. Rxa8 Rxa8 27. Qxc3 Nxc3 28. Bxf5 Ra3 29.
b4 Bb6 30. e6 Ra2 31. e7 Re2 32. Bd7 Rxe7 33. Bc6 Re6 34. Bd7 Rd6 35. Be8 h6 36. h4 d3 37. h5 Bxg1 38. Kxg1 d2 39. Bg6 d1=Q 40. Rxd1 Rxd1+ 41. Kf2 Rb1 0-1

[Event "*** Titled Tuesday Blitz"]
[Site "Chess.com"]
[Date "2020.05.05"]
[Round "4"]
[White "Kaponov"]
[Black "zala02"]
[Result "0-1"]
[WhiteElo "2054"]
[BlackElo "2242"]
[TimeControl "180+1"]
[EndTime "10:41:00 PDT"]
[Termination "zala02 won on time"]

1. e4 c5 2. c3 d5 3. exd5 Qxd5 4.
d4 Nc6 5. Nf3 Nf6 6. Na3 cxd4 7.
Nb5 Qd8 8. Nbxd4 e6 9. Nxc6 Qxd1+ 10. Kxd1 bxc6 11. Be3 Be7 12. Ne5 Bb7 13. Be2 O-O 14. Kc2 Nd5 15. Bd2 f6 16. Nd3 e5 17. Bf3 Rfd8 18. c4 Nc7 19. Bb4 Bxb4 20. Nxb4 Ne6 21. Kc3 Nd4 22. Bd1 a5 23. Nc2 c5 24. f3 Bc6 25.
Ne3 Rab8 26. Bc2 g6 27. Be4 Bxe4 28. fxe4 f5 29. Nd5 Kf7 30. exf5 gxf5 31. Rhf1 Ke6 32. Rae1 Rb7 33. Nf4+ Kd6 34. Nd3 e4 35. Nf4 Rdb8 36.
b3 a4 37. bxa4 Rb2 0-1

[Event "*** Titled Tuesday Blitz"]
[Site "Chess.com"]
[Date "2020.05.05"]
[Round "4"]
[White "annacramling"]
[Black "hazy13"]
[Result "0-1"]
[WhiteElo "1917"]
[BlackElo "2185"]
[TimeControl "180+1"]
[EndTime "10:41:00 PDT"]
[Termination "hazy13 won on time"]

1. d4 Nf6 2. c4 c6 3. Nc3 d5 4.
Nf3 e6 5. Bg5 h6 6. Bxf6 Qxf6 7.
e3 g6 8. Bd3 Bg7 9. O-O O-O 10.
Ne5 dxc4 11. Bxc4 c5 12. Ne4 Qe7 13. Qb3 cxd4 14. exd4 Nc6 15. Nxc6 bxc6 16. Rfd1 Rd8 17. Qe3 Rb8 18. Rab1 Rb4 19. b3 a5 20. Nc3 Qa7 21.
Ne2 a4 22. Qc3 Rb8 23. b4 Ba6 24. a3 Bxc4 25. Qxc4 Rd6 26. Qc5 Rbd8 27. Qxa7 e5 28. Qc5 exd4 29. Rd3 Rd5 30. Qc2 c5 31. bxc5 Rc8 32. Rb5 Re5 33. h3 Rce8 34. Ng3 Re1+ 35. Kh2 h5 36. h4 Ra1 37. Qb2 Ree1 38. Rb7 Be5 39. Rb8+ Kg7 40. f4 Bxf4 41. Qxd4+ Be5 0-1

[Event "*** Titled Tuesday Blitz"]
[Site "Chess.com"]
[Date "2020.05.05"]
[Round "4"]
[White "GHANDEEVAM2003"]
[Black "731291"]
[Result "1-0"]
[WhiteElo "2882"]
[BlackElo "2685"]
[TimeControl "180+1"]
[EndTime "10:41:01 PDT"]
[Termination "GHANDEEVAM2003 won on time"]

1. e4 e6 2. d4 d5 3. Nc3 Bb4 4. e5 c5 5. Bd2 Nh6 6. a3 Bxc3 7. Bxc3 b6 8. Bb5+ Bd7 9. Be2 Nf5 10. Nf3 Nc6 11. Qd2 cxd4 12. Nxd4 Ncxd4 13. Bxd4 Nxd4 14. Qxd4 Qc7 15. Bd3 O-O 16. O-O Qc5 17. Qh4 h6 18. a4 d4 19. Qe4 g6 20. h4 Bc6 21. Qf4 Qd5 22. f3 h5 23. Rfe1 Rac8 24. Qh6 Qd8 25. Bxg6 fxg6 26. Qxg6+ Kh8 27. Qxh5+ Kg7 28. Qg4+ Kf7 29.
Rad1 Rg8 30. Qf4+ Ke8 31. Rxd4 Qe7 32. Red1 Qg7 33. R1d2 Rf8 34. Qe3 Rxf3 35. Qe1 Rg3 36.
Re4 Bxe4 37. Qxe4 Rg4 38. Qd3 Qc7 39. h5 Qc5+ 40. Rf2 Rf4 41. Qg6+ Kd7 42. Qd3+ Kc7 43. Qd6+ Qxd6 44. exd6+ Kxd6 45. Rxf4 Rxc2 46. Rh4 Rc8 47. Kf2 Ke5 48. Ke3 Kf5 49. h6 e5 50. h7 Rh8 51. b4 1-0

[Event "*** Titled Tuesday Blitz"]
[Site "Chess.com"]
[Date "2020.05.05"]
[Round "4"]
[White "Redbandit87"]
[Black "BlackBoarder"]
[Result "1-0"]
[WhiteElo "2452"]
[BlackElo "2666"]
[TimeControl "180+1"]
[EndTime "10:41:01 PDT"]
[Termination "Redbandit87 won by resignation"]

1. d4 e6 2. Bf4 Nf6 3. e3 c5 4. c3 Nc6 5. Nd2 d5 6. Bd3 Bd6 7. Bxd6 Qxd6 8. f4 O-O 9. Ngf3 cxd4 10. cxd4 Ng4 11. Bxh7+ Kxh7 12. Ng5+ Kg8 13. Qxg4 e5 14. Qh5 Qh6 15. Qxh6 gxh6 16. Ngf3 exd4 17. exd4 Nb4 18. O-O Nd3 19. Ne5 Nxb2 20. Rab1 Na4 21. Rfc1 Nb6 22. Rc5 Bf5 23. Rb2 f6 24. Nef3 Na4 25. Rxd5 Be6 26. Rd6 Nxb2 27. Rxe6 Rae8 28. f5 Kf7 29. d5 Rd8 30. Ne4 Rxd5 31. Rxf6+ Ke7 32. Re6+ Kd8 33. g4 Nc4 34. Rxh6 Ra5 35. Nd4 Re8 36. Ne6+ Kc8 37. Nf6 Rxe6 38. fxe6 Re5 39. Nd7 Nd6 40. Nxe5 1-0

[Event "*** Titled Tuesday Blitz"]
[Site "Chess.com"]
[Date "2020.05.05"]
[Round "4"]
[White "DanielTitichoca"]
[Black "Kapibara_Warri0r"]
[Result "1-0"]
[WhiteElo "2287"]
[BlackElo "2076"]
[TimeControl "180+1"]
[EndTime "10:41:01 PDT"]
[Termination "DanielTitichoca won by resignation"]

1. e4 e5 2. Nf3 Nc6 3. Bc4 Nf6 4. d3 Be7 5. O-O O-O 6. c3 d5 7. exd5 Nxd5 8. Re1 Nb6 9. Bb3 Bd6 10. Nbd2 Bg4 11.
h3 Bh5 12. Ne4 Kh8 13. Ng3 Bg6 14. d4 exd4 15. Nxd4 Bxg3 16. fxg3 Nxd4 17. cxd4 Qd7 18. Bf4 Rad8 19. Kh2 c6 20. a4 Qxd4 21. a5 Qxd1 22.
Raxd1 Nd5 23. Be5 f6 24. Bd4 a6 25. Bc5 Rfe8 26. Bc4 Rxe1 27. Rxe1 Re8 28. Rd1 Bf7 29.
b4 g6 30. Bd4 Kg7 31. Rf1 Re6 32. g4 Be8 33. g5 Rd6 34. gxf6+ Nxf6 35. Be5 Rd2 36.
Bxf6+ Kh6 37. h4 Rc2 38. Bg5+ Kg7 39. Bd3 Rb2 40. Bf6+ Kh6 41. Bxb2 1-0

[Event "*** Titled Tuesday Blitz"]
[Site "Chess.com"]
[Date "2020.05.05"]
[Round "4"]
[White "Fins0905"]
[Black "Rytenko_V"]
[Result "0-1"]
[WhiteElo "2646"]
[BlackElo "2487"]
[TimeControl "180+1"]
[EndTime "10:41:02 PDT"]
[Termination "Rytenko_V won by resignation"]

1. e4 c5 2. c3 g6 3. Nf3 Bg7 4. Bc4 e6 5. d4 cxd4 6. cxd4 d5 7.
exd5 exd5 8. Bb5+ Nc6 9. O-O Ne7 10. Re1 O-O 11. Nc3 Bg4 12. Bg5 Qd6 13. Bxe7 Nxe7 14.
h3 Bxf3 15. Qxf3 Bxd4 16. Rad1 Bxc3 17. Qxc3 a6 18. Ba4 Rad8 19. Bb3 d4 20. Qf3 Nc6 21. h4 Kg7 22. h5 d3 23. Qh3 d2 24. Re2 Qf4 25. g3 Qg5 26. f4 Qc5+ 27. Kg2 Nd4 28. Rexd2 Qc6+ 29. Kf1 Qf3+ 30. Rf2 Qe3 31. h6+ Kg8 32.
Rfd2 Qf3+ 33. Rf2 Qe4 34. Bc4 Nf5 35. Rxd8 Qxc4+ 36. Kg2 Rxd8 37. Qg4 Qd5+ 38. Kh2 Qd4 39. Qe2 Qd7 40. g4 Nd4 41. Qe4 Ne6 42. f5 Qd6+ 43. Kh3 Ng5+ 0-1

[Event "*** Titled Tuesday Blitz"]
[Site "Chess.com"]
[Date "2020.05.05"]
[Round "4"]
[White "sergeikim"]
[Black "JoachimMouhamad"]
[Result "1-0"]
[WhiteElo "2480"]
[BlackElo "2294"]
[TimeControl "180+1"]
[EndTime "10:41:02 PDT"]
[Termination "sergeikim won by resignation"]

1. d4 Nf6 2. c4 g6 3. Nc3 d5 4. cxd5 Nxd5 5. e4 Nxc3 6. bxc3 Bg7 7. Bc4 O-O 8. Ne2 c5 9. O-O Nc6 10. Be3 Na5 11. Bd3 b6 12. Qd2 e5 13. Bh6 exd4 14.
Bxg7 Kxg7 15. cxd4 cxd4 16. f4 f6 17. f5 Nc6 18.
Nf4 Ne5 19. Rac1 Bd7 20. Ba6 d3 21. Bxd3 Rf7 22. Bc4 Re7 23. Bd5 Rc8 24. fxg6 hxg6 25. Qd4 Rxc1 26. Rxc1 Bg4 27. h3 Bd7 28. Bb3 Qe8 29.
Rc7 Bc8 30. Qd6 Rxc7 31. Qxc7+ Kh6 32. Qd6 Kg7 33. Nd5 Qf8 34. Qc7+ Kh6 35. Ne7 Ba6 36. Ng8+ Kg5 37. Qc1+ Kh5 38. Bd1+ Kh4 39. Qf4+ 1-0

[Event "*** Titled Tuesday Blitz"]
[Site "Chess.com"]
[Date "2020.05.05"]
[Round "4"]
[White "louis198"]
[Black "pouya21"]
[Result "1-0"]
[WhiteElo "2550"]
[BlackElo "2782"]
[TimeControl "180+1"]
[EndTime "10:41:03 PDT"]
[Termination "louis198 won by resignation"]

1. d4 f5 2. Bf4 Nf6 3. e3 d6 4. h3 Nc6 5. a4 e5 6. Bh2 Qe7 7. d5 Nd8 8. Nf3 g6 9. Be2 Bg7 10. O-O a5 11. Na3 O-O 12. Nb5 Nf7 13. Bc4 g5 14. Ra3 h5 15. Nd2 f4 16. exf4 gxf4 17.
Re1 c6 18. Nc3 Qc7 19. Nde4 b5 20. axb5 cxb5 21. Bxb5 Nh6 22. Bc6 Rb8 23. Nb5 Rxb5 24. Bxb5 Nxe4 25. Rxe4 Bf5 26. Rc4 Qb6 27. Rb3 Qd8 28.
Rc6 Bg6 29. Bd3 e4 30. Be2 Qg5 31. h4 Qe5 32. Rb7 Nf5 33. Bxh5 Nxh4 34. Bxg6 Qg5 35. Bxe4 f3 36. Bg3 fxg2 37. Rcc7 Be5 38. Bxg2 Nxg2 39.
Kxg2 Rxf2+ 40. Kxf2 Qxg3+ 41. Ke2 Qg2+ 42. Ke3 Qg5+ 43.
Kd3 Qg3+ 44. Kc4 Qf4+ 45. Kb5 Qb4+ 46. Kc6 Qa4+ 47. Rb5 Qc4+ 48. Kb6 Bd4+ 49. Ka6 Qxc7 50. Qxd4 1-0

[Event "*** Titled Tuesday Blitz"]
[Site "Chess.com"]
[Date "2020.05.05"]
[Round "4"]
[White "Igor_Lysyj"]
[Black "Hasangatin_Ramil"]
[Result "1-0"]
[WhiteElo "2775"]
[BlackElo "2529"]
[TimeControl "180+1"]
[EndTime "10:41:03 PDT"]
[Termination "Igor_Lysyj won on time"]

1. d4 d6 2. Nf3 Bg4 3. c4 Bxf3 4. exf3 c6 5. Nc3 g6 6. d5 Bg7 7. Be2 Nf6 8. O-O O-O 9. f4 cxd5 10. cxd5 Nbd7 11.
Bf3 Re8 12. Re1 Qa5 13. Bd2 Rac8 14. Rb1 a6 15. a3 Qc7 16. Be3 Nb6 17. Bd4 Nc4 18. a4 Nd7 19. Bxg7 Kxg7 20. Qd4+ Nf6 21. Ne2 Qc5 22. Red1 Qxd4 23. Nxd4 Nb6 24. a5 Nbxd5 25. g4 e5 26. g5 exd4 27. gxf6+ Nxf6 28. Bxb7 Rc7 29. Bxa6 Ra8 30. Bf1 Rxa5 31. Rxd4 d5 32. b4 Ra2 33. b5 Rb7 34. b6 Rc2 35. Ba6 Rb8 36. b7 Rc6 37. Ra4 Nd7 38. Ra5 Nc5 39. Bf1 1-0

[Event "*** Titled Tuesday Blitz"]
[Site "Chess.com"]
[Date "2020.05.05"]
[Round "4"]
[White "MichailovM"]
[Black "Bossche-CM"]
[Result "1-0"]
[WhiteElo "2375"]
[BlackElo "2445"]
[TimeControl "180+1"]
[EndTime "10:41:03 PDT"]
[Termination "MichailovM won by checkmate"]

1. e4 c5 2. Nf3 e6 3. d4 cxd4 4. Nxd4 Nf6 5. Nc3 Qb6 6. Nb3 a6 7. Bd3 Nc6 8. O-O Qc7 9. f4 d6 10. a4 b6 11. Be3 Bb7 12. Qf3 h5 13. Kh1 Ng4 14. Bg1 Be7 15. a5 bxa5 16. Na4 Bd8 17.
Bb6 Qe7 18. Qg3 Bxb6 19. Nxb6 Rb8 20. Nc4 Nb4 21. Rxa5 Nxd3 22. cxd3 Bc8 23. Nd4 Qc7 24. e5 d5 25. Nd6+ Kf8 26. Ra2 Qc5 27. Nf3 Bd7 28. Qe1 h4 29. Ra5 Qc7 30. Rxa6 Rxb2 31. Ra8+ Rb8 32. Rxb8+ Qxb8 33. h3 Nh6 34. Ng5 Be8 35.
Qa1 Nf5 36. Nxf5 exf5 37. Rb1 Qc8 38. Qa3+ Kg8 39. Rc1 Qd8 40. Qd6 Qxd6 41. exd6 Rh6 42. Rc8 Rxd6 43. Rxe8# 1-0

[Event "*** Titled Tuesday Blitz"]
[Site "Chess.com"]
[Date "2020.05.05"]
[Round "4"]
[White "Islamovqaasim"]
[Black "crazy_but_lazy"]
[Result "1/2-1/2"]
[WhiteElo "2058"]
[BlackElo "2370"]
[TimeControl "180+1"]
[EndTime "10:41:03 PDT"]
[Termination "Game drawn by repetition"]

1. b3 e5 2. Bb2 d6 3. e3 Nd7 4. d4 e4 5. c4 f5 6. d5 Ngf6 7. Ne2 g6 8. Nd4 Ne5 9. Be2 Bg7 10. O-O O-O 11. Nc3 h5 12. h3 Qe7 13. Qd2 c5 14. dxc6 bxc6 15. Rad1 Bb7 16. f4 exf3 17. Bxf3 Rad8 18.
Rfe1 Nxf3+ 19. Nxf3 Rd7 20. Ng5 c5 21. Nb5 Rfd8 22. Qc2 Ne4 23. Nxe4 Bxe4 24. Qc1 Be5 25.
Nc3 Qg5 26. Nxe4 fxe4 27. Bxe5 Qxe5 28. Rd5 Qe6 29. Qd2 Rf8 30. Rd1 Rfd8 31. Qf2 Kg7 32. Qg3 a5 33. Rf1 Rf7 34. Rfd1 Rfd7 35. R1d2 a4 36. Rf2 axb3 37. axb3 Rf7 38. Rfd2 Rfd7 39. Qh4 Rf8 40. Qg3 Rf6 41. Rf2 Rdf7 42. Rxf6 Rxf6 43. Kh2 Qe7 44. Qh4 Qe6 45. Qg3 Qe7 46. Qh4 Kh6 47.
Qg3 Kg7 1/2-1/2

[Event "*** Titled Tuesday Blitz"]
[Site "Chess.com"]
[Date "2020.05.05"]
[Round "4"]
[White "manuellarrea"]
[Black "warmoatmeal"]
[Result "0-1"]
[WhiteElo "2201"]
[BlackElo "2038"]
[TimeControl "180+1"]
[EndTime "10:41:03 PDT"]
[Termination "warmoatmeal won on time"]

1. e4 d6 2. d4 e5 3. Nf3 Nd7 4.
Bc4 Be7 5. O-O Ngf6 6. Nc3 O-O 7. a4 c6 8. h3 a5 9. Qe2 h6 10. Rd1 Qc7 11. b3 Re8 12. Ba3 Bf8 13. d5 g6 14. Nh4 c5 15. Kh2 Qd8 16. g3 Bg7 17. Rg1 Nf8 18. Raf1 N8h7 19. Bb5 Bd7 20. Bxd7 Qxd7 21.
Qb5 Qe7 22. Bc1 Rf8 23. Qd3 Ne8 24. Nd1 f5 25. exf5 gxf5 26. f4 e4 27. Qe2 Nhf6 28.
c4 Nc7 29. Nxf5 Qd7 30. Nxg7 Qxg7 31. Bb2 Qg6 32. Ne3 Rae8 33. f5 Qg5 34. g4 Na6 35. Qf2 Nb4 36. Qf4 Qxf4+ 37. Rxf4 Nd3 38. Rff1 Nxb2 39.
h4 Nd3 40. g5 hxg5 0-1

[Event "*** Titled Tuesday Blitz"]
[Site "Chess.com"]
[Date "2020.05.05"]
[Round "4"]
[White "Sweafty"]
[Black "Grandelicious"]
[Result "1-0"]
[WhiteElo "2524"]
[BlackElo "2742"]
[TimeControl "180+1"]
[EndTime "10:41:04 PDT"]
[Termination "Sweafty won on time"]

1. Nf3 c5 2. c4 Nf6 3. b3 b6 4. g3 Bb7 5. Bg2 e6 6. O-O Be7 7. Bb2 O-O 8. e3 a6 9. Nc3 d6 10. Qe2 Nbd7 11. Rad1 b5 12. d4 bxc4 13. dxc5 Nxc5 14.
Qxc4 Qb6 15. Na4 Nxa4 16. Qxa4 Bc6 17. Qf4 Qb7 18. Bxf6 Bxf6 19. Rxd6 Rad8 20. Rxd8 Rxd8 21. Nh4 Bxg2 22. Nxg2 Rd2 23. Qa4 g6 24. Nf4 Qf3 25.
Qxa6 g5 26. Ng2 h5 27. Qa5 Rb2 28. Ne1 Qe2 29. Qa8+ Kg7 30. Qe4 Rxa2 31. Nd3 Ra3 32. Ne5 Rxb3 33. Nd7 Qd3 34. Nxf6 Kxf6 35. Qa8 Rb1 36.
Qh8+ Ke7 37. Rxb1 Qxb1+ 38. Kg2 Qe4+ 39. Kg1 Qf3 40. Qd4 1-0

[Event "*** Titled Tuesday Blitz"]
[Site "Chess.com"]
[Date "2020.05.05"]
[Round "4"]
[White "ALeks_Ivlev"]
[Black "floplover"]
[Result "1-0"]
[WhiteElo "2573"]
[BlackElo "2276"]
[TimeControl "180+1"]
[EndTime "10:41:04 PDT"]
[Termination "ALeks_Ivlev won on time"]

1. d4 Nf6 2. c4 e6 3. Nf3 d5 4. Nc3 Bb4 5. Qa4+ Nc6 6. e3 O-O 7. Qc2 b6 8. cxd5 exd5 9. Bd3 a6 10. Ne5 Ne7 11. O-O Bb7 12. f4 c5 13. a3 Ba5 14.
Qe2 c4 15. Bc2 b5 16. Bd2 Bxc3 17. Bxc3 Ne4 18. Be1 f6 19. Nf3 Nf5 20. g4 Nfd6 21. Kh1 Re8 22. Rg1 Bc8 23. Bh4 g5 24. fxg5 fxg5 25.
Be1 Qf6 26. Bb4 Be6 27. Raf1 Qh6 28. Ne5 Ra7 29. Qg2 Qh4 30. Rf3 Rg7 31. Rgf1 Rge7 32. Bxe4 dxe4 33. Rf6 Nc8 34. Bxe7 Rxe7 35. Rf8+ Kg7 36.
Qf2 Qh6 37. Rg8+ Bxg8 38. Qf8+ Kh8 39. Qxh6 Rg7 40. Rf8 Ne7 41. Qf6 Ng6 42. Nxg6+ hxg6 43. Re8 Kh7 44. Re7 1-0

[Event "*** Titled Tuesday Blitz"]
[Site "Chess.com"]
[Date "2020.05.05"]
[Round "4"]
[White "LastHeroJr"]
[Black "Opening_Prep"]
[Result "0-1"]
[WhiteElo "2515"]
[BlackElo "2335"]
[TimeControl "180+1"]
[EndTime "10:41:04 PDT"]
[Termination "Opening_Prep won on time"]

1. e4 c5 2. Nf3 Nc6 3. d4 cxd4 4. Nxd4 Nf6 5. Nc3 d6 6. Bg5 e6 7. Qd2 a6 8. O-O-O Bd7 9. f3 h6 10. Be3 h5 11. h4 Be7 12. Bg5 Rc8 13. Kb1 b5 14.
Nxc6 Bxc6 15. Ne2 Qb6 16. Nd4 Bd7 17. Be3 Qc7 18. Bd3 d5 19. Bg5 dxe4 20. fxe4 Bc5 21.
Nf3 Ng4 22. Rhf1 Bc6 23. e5 O-O 24. Bf4 b4 25. Ng5 a5 26. Qe2 a4 27. Be4 b3 28.
cxb3 axb3 29. a3 Ba4 30. Bd3 Qb6 31. Qe4 g6 32. Qxa4 Bxa3 33. bxa3 Ra8 34. Qb4 Qc6 35.
Be4 Qc7 36. Rc1 Qd7 37. Rfd1 Qa7 38. Bxa8 Rxa8 39. Qc5 Qa6 40. Qc6 Qxa3 0-1

[Event "*** Titled Tuesday Blitz"]
[Site "Chess.com"]
[Date "2020.05.05"]
[Round "4"]
[White "vwnv7"]
[Black "Ranindu2003"]
[Result "1-0"]
[WhiteElo "2319"]
[BlackElo "2487"]
[TimeControl "180+1"]
[EndTime "10:41:04 PDT"]
[Termination "vwnv7 won by resignation"]

1. c4 e6 2. Nf3 Nf6 3. g3 d5 4. d4 Be7 5. Bg2 O-O 6. O-O dxc4 7. Qc2 a6 8. Qxc4 b5 9. Qc2 Bb7 10. Bd2 Bd6 11. Ba5 Nbd7 12. Nbd2 Rc8 13. e4 e5 14. d5 Qe7 15. Nh4 g6 16. Nb3 c6 17. dxc6 Bxc6 18.
Qe2 Nc5 19. Nxc5 Bxc5 20. Rac1 Bd4 21. a3 Qb7 22. Rce1 Bd7 23. Kh1 Be6 24. Qd2 Bc4 25. Nf5 Rc6 26. Nxd4 exd4 27. e5 Bxf1 28. Rxf1 Nh5 29.
Qxd4 Rc4 30. Qd6 Qc8 31. Bd5 Rc1 32. Rxc1 Qxc1+ 33. Kg2 Rc8 34. e6 Qc5 35. exf7+ Kg7 36. Bc3+ Kh6 37. f8=Q+ Rxf8 38. Qxc5 Rd8 39. Qe3+ g5 40.
Qe6+ 1-0

[Event "*** Titled Tuesday Blitz"]
[Site "Chess.com"]
[Date "2020.05.05"]
[Round "4"]
[White "josiwales"]
[Black "ENEASZ"]
[Result "0-1"]
[WhiteElo "2684"]
[BlackElo "2495"]
[TimeControl "180+1"]
[EndTime "10:41:05 PDT"]
[Termination "ENEASZ won on time"]

1. e4 d6 2. d4 Nf6 3. Nc3 e5 4. Nf3 Nbd7 5. Rg1 g6 6. g4 Bg7 7. h4 O-O 8. h5 exd4 9. Nxd4 Re8 10. f3 d5 11. hxg6 hxg6 12. Bg5 dxe4 13. f4 c6 14. Qd2 e3 15. Qh2 e2 16. Bxe2 Qb6 17. O-O-O Nf8 18.
f5 N6h7 19. f6 Nxg5 20. fxg7 Kxg7 21. Rh1 Nfh7 22. Bc4 c5 23. Qh6+ Kg8 24. Nf3 Qf6 25. Nxg5 Qxg5+ 26. Qxg5 Nxg5 27. Nd5 Kg7 28. Nc7 Bxg4 29.
Nxe8+ Rxe8 30. Rdg1 Bf3 31. Rh2 Ne4 32. Bd3 Nd6 33.
Rf2 Bd5 34. b3 Be6 35. c4 b6 36. Kc2 Re7 37. Kc3 Rd7 38. a4 a5 39. Rg3 Nc8 40.
Rf4 Ne7 41. Be4 Rd4 42. Re3 Nc8 43. Re1 Nd6 0-1